 Dungeon Crawl Stone Soup version 0.31-a0-165-g3f4f80340b (webtiles) character file.

Game seed: 3809213128286565468

1211 qw the Cleaver (level 8, -9/49 HPs)
             Began as a Gargoyle Fighter on June 13, 2023.
             Killed from afar by Maggie (28 damage)
             ... with a bolt of fire
             ... on level 6 of the Dungeon.
             The game lasted 00:02:53 (5366 turns).

qw the Cleaver (Gargoyle Fighter)                   Turns: 5366, Time: 00:02:54

Health: -9/49      AC: 19    Str: 22    XL:     8   Next: 46%
Magic:  8/8        EV:  6    Int:  9    God:
Gold:   104        SH:  4    Dex:  9    Spells: 7/7 levels left

rFire   . . .        Y - +2 war axe
rCold   . . .        c - +0 buckler
rNeg    + . .        m - +0 plate armour
rPois   inf          h - +0 helmet
rElec   +            (no cloak)
rCorr   .            l - +0 pair of gloves
SInv    .            (no boots)
Will    .....        (no amulet) Stlth
                     (no ring)
HPRegen 0.28/turn    (no ring)
MPRegen 0.11/turn

%: no passive effects
@: mesmerised
A: sickness immunity, AC +5, negative energy resistance 1, electricity
resistance, torment resistance 1, petrification resistance
a: no special abilities


You were on level 6 of the Dungeon.
You visited 2 branches of the dungeon, and saw 7 of its levels.
You also visited: Ossuary.

You collected 406 gold pieces.
You spent 302 gold pieces at shops.


Innate Abilities, Weirdness & Mutations

You are immune to sickness and miasma.
Your stone body is resilient. (AC +5)
You are immune to poison.
You resist negative energy. (rN+)
You are resistant to electric shocks. (rElec)
You are resistant to unholy torment.
You are immune to petrification.


   Skills:
 - Level 5.0 Fighting
 - Level 8.1 Axes
 + Level 4.1 Armour
 - Level 1.6 Dodging
 - Level 3.2 Shields


You had 7 spell levels left.
You didn't know any spells.
Your spell library was empty.

Inventory:

Hand Weapons
 j - a +0 morningstar
 Y - a +2 war axe (weapon)
Armour
 c - a +0 buckler (worn)
 h - a +0 helmet (worn)
 l - a +0 pair of gloves (worn)
 m - a +0 plate armour (worn)
Jewellery
 a - a ring of fire
 b - a ring of positive energy
Scrolls
 g - 4 scrolls of identify
 n - 5 scrolls of teleportation
Potions
 d - 3 potions of might
 e - 5 potions of mutation
 f - 3 potions of lignification
 i - 3 potions of attraction
 k - 2 potions of curing
 p - a potion of heal wounds

Dungeon Overview and Level Annotations

Branches:
Dungeon (6/15)             Temple (1/1) D:6         Ossuary (visited)

Altars:
Ashenzari
Cheibriados
Gozag
Hepliaklqana
Kikubaaqudgha
Makhleb
Sif Muna
Vehumet
Wu Jian
Xom
Yredelemnul
Zin
The Shining One

Shops:
D:1 ?   D:6 =

Annotations:
D:3 exclusion: 2 goblins
D:6 Maggie


Message History

Enter note:
Enter note:
Enter note:
Enter note:
Enter note:
Enter note:
Enter note:
Enter note:
Enter note:
Enter note:
Enter note:
Enter note:
Enter note: Maggie mumbles some strange words.
Maggie attempts to bespell you!
You are mesmerised by Maggie!
Enter note:
Enter note:
Enter note:
Enter note:
Enter note:
Enter note:
Enter note:
Enter note:
Enter note: You slash Maggie!
Maggie is lightly wounded.
Maggie hits you with a +0 morningstar!
You slash Maggie!
Maggie is moderately wounded.
Maggie hits you but does no damage. Maggie hits you with a +0 morningstar!
You slash Maggie!
Maggie is heavily wounded.
Maggie hits you with a +0 morningstar!
You hit Maggie but do no damage.
Maggie is heavily wounded.
Maggie gestures at you while chanting. The bolt of fire hits you!!
Ouch! That really hurt!
You die...

#.# #......# ##)## #.#
####.## #.####.# #.# #.#
......# #.# #.#########.# #.#
####..# #.# #...........# #.#
####..# #.# ############# #.#
......#####.# #.#
#####.......#
##############.#
##############..............#
......@@..##############
###########


You could see Maggie (mesmerising).

Vanquished Creatures
  2 black bears
  2 sky beasts (D:6)
  An ogre (D:4)
  A phantom (D:4)
  A centaur (D:5)
  A scorpion (D:4)
  A howler monkey (D:5)
  A jelly (D:6)
  2 hounds (D:5)
  An orc priest (D:3)
  8 mummies (Ossuary)
  Robin (D:3)
  3 gnolls (D:2)
  12 adders
  3 worms
  A dart slug (D:1)
  20 orcs
  6 bats (D:1)
  7 endoplasms
  A giant cockroach (D:4)
  18 goblins
  11 hobgoblins
  10 jackals
  6 kobolds
  7 quokkas
  12 ball pythons
  5 frilled lizards
  3 hobgoblin zombies (Ossuary)
  A kobold zombie (Ossuary)
  4 orc zombies (Ossuary)
  3 rats
155 creatures vanquished.

Notes
Turn   | Place    | Note
-------+----------+-------------------------------------------
     0 | D:1      | qw the Gargoyle Fighter began the quest for the Orb.
     0 | D:1      | Reached XP level 1. HP: 14/14 MP: 1/1
     0 | D:1      | 0 ||| qw: Version: 0.2-a-29-gc1b59c4
     0 | D:1      | 0 ||| qw: Game counter: 4735
     0 | D:1      | 0 ||| qw: Always use a shield: true
     0 | D:1      | 0 ||| qw: God list: Okawaru
     0 | D:1      | 0 ||| qw: Allow faded altars: false
     0 | D:1      | 0 ||| qw: Do Orc after D:15 true
     0 | D:1      | 0 ||| qw: Do second Lair branch before Depths: true
     0 | D:1      | 0 ||| qw: Lair rune preference: random
     0 | D:1      | 0 ||| qw: Plans: Normal, Zot:1-4, Slime:5, God:TSO, Crypt,
                  | Tomb, Abyss, Pan, Hells, Win
     0 | D:1      | 0 ||| PLANNING D:1-11
    51 | D:1      | Reached skill level 2 in Axes
   115 | D:1      | Reached XP level 2. HP: 19/19 MP: 2/2
   214 | D:1      | 214 ||| FLEEEEING.
   215 | D:1      | 215 ||| FLEEEEING.
   216 | D:1      | 216 ||| FLEEEEING.
   217 | D:1      | 217 ||| FLEEEEING.
   219 | D:1      | 219 ||| FLEEEEING.
   282 | D:1      | Reached skill level 3 in Axes
   371 | D:1      | Reached XP level 3. HP: 23/23 MP: 3/3
   430 | D:1      | Found Keah's Magic Scroll Shoppe.
   432 | D:1      | 432 ||| Stepping ~*~*~tactically~*~*~ (stealth).
   452 | D:1      | 452 ||| SHOPLISTING 2 scrolls of identify (44 gold, have
                  | 22).
   452 | D:1      | 452 ||| SHOPLISTING scroll of enchant weapon (82 gold, have
                  | 22).
   452 | D:1      | 452 ||| BUYING scroll of identify (22 gold).
   452 | D:1      | Bought a scroll of identify for 22 gold pieces
   452 | D:1      | 452 ||| SHOPLISTING scroll of identify (22 gold, have 0).
   759 | D:1      | 759 ||| UPGRADING to +0 helmet.
   764 | D:1      | 764 ||| UPGRADING to +0 chain mail.
   774 | D:1      | 774 ||| DROPPING +0 scale mail.
   775 | D:1      | 775 ||| READING 3 scrolls of identify.
   775 | D:1      | 775 ||| IDENTIFYING sedimented ruby potion
   776 | D:1      | 776 ||| READING 2 scrolls of identify.
   776 | D:1      | 776 ||| IDENTIFYING smoky black potion
   777 | D:1      | 777 ||| DROPPING potion of berserk rage.
   795 | D:2      | HP: 1/23 [gnoll/+0 halberd (8)]
   797 | D:2      | Reached XP level 4. HP: 2/28 MP: 4/4
   907 | D:2      | 907 ||| DROPPING +0 club.
   987 | D:2      | Reached skill level 4 in Axes
  1377 | D:2      | 1377 ||| DROPPING +0 whip.
  1737 | D:2      | 1737 ||| UPGRADING to +0 pair of gloves.
  1742 | D:2      | 1742 ||| READING scroll labelled DAHIFE IPRISATADD.
  1743 | D:2      | 1743 ||| READING scroll labelled BIZANAMNOG.
  1744 | D:2      | 1744 ||| READING scroll labelled PIKHLE MELL.
  1745 | D:2      | 1745 ||| READING 2 scrolls labelled FAYDULASIH.
  1746 | D:2      | 1746 ||| READING scroll of enchant weapon.
  1746 | D:2      | 1746 ||| ENCHANTING +1 war axe.
  1747 | D:2      | 1747 ||| DRINKING 2 yellow potions.
  1748 | D:2      | 1748 ||| READING 3 scrolls of identify.
  1748 | D:2      | 1748 ||| IDENTIFYING black potion
  1782 | D:3      | 1782 ||| STAIRDANCE
  1802 | D:3      | 1802 ||| Stepping ~*~*~tactically~*~*~ (stealth).
  1838 | D:3      | 1838 ||| Stepping ~*~*~tactically~*~*~ (stealth).
  1839 | D:3      | 1839 ||| Stepping ~*~*~tactically~*~*~ (stealth).
  1840 | D:3      | 1840 ||| Stepping ~*~*~tactically~*~*~ (stealth).
  1842 | D:3      | 1842 ||| Stepping ~*~*~tactically~*~*~ (hiding).
  1893 | D:3      | 1893 ||| Stepping ~*~*~tactically~*~*~ (stealth).
  1895 | D:3      | 1895 ||| Stepping ~*~*~tactically~*~*~ (stealth).
  1897 | D:3      | 1897 ||| Stepping ~*~*~tactically~*~*~ (stealth).
  1909 | D:3      | Reached XP level 5. HP: 30/32 MP: 5/5
  1970 | D:3      | 1970 ||| DROPPING amulet of magic regeneration.
  1970 | D:3      | Noticed Robin
  1974 | D:3      | 1974 ||| Stepping ~*~*~tactically~*~*~ (hiding).
  1975 | D:3      | 1975 ||| Stepping ~*~*~tactically~*~*~ (hiding).
  1983 | D:3      | 1983 ||| FLEEEEING.
  1998 | D:3      | Killed Robin
  1999 | D:3      | Reached skill level 5 in Axes
  2235 | D:3      | 2235 ||| Stepping ~*~*~tactically~*~*~ (stealth).
  2448 | D:3      | Reached XP level 6. HP: 35/38 MP: 6/6
  2599 | D:3      | 2599 ||| READING 3 scrolls of identify.
  2599 | D:3      | 2599 ||| IDENTIFYING puce potion
  2600 | D:3      | 2600 ||| DROPPING potion of brilliance.
  2645 | D:4      | 2645 ||| PLANNING OSSUARY
  2745 | D:4      | 2745 ||| Stepping ~*~*~tactically~*~*~ (hiding).
  2746 | D:4      | 2746 ||| Stepping ~*~*~tactically~*~*~ (hiding).
  2747 | D:4      | 2747 ||| Stepping ~*~*~tactically~*~*~ (hiding).
  2825 | D:4      | Found a sand-covered staircase.
  2854 | Ossuary  | Entered an ossuary
  3188 | Ossuary  | 3188 ||| READING scroll labelled IDOBBU QOUHIP.
  3191 | Ossuary  | 3191 ||| READING scroll labelled YZUODO ZUN WIU.
  3192 | Ossuary  | 3192 ||| READING scroll labelled ITOANU IXETAPH.
  3193 | Ossuary  | 3193 ||| DRINKING 2 smoky golden potions.
  3194 | Ossuary  | 3194 ||| DRINKING 3 potions of curing.
  3194 | Ossuary  | 3194 ||| (to cure confusion)
  3195 | Ossuary  | 3195 ||| DRINKING 2 smoky puce potions.
  3196 | Ossuary  | 3196 ||| DRINKING 2 metallic blue potions.
  3197 | Ossuary  | 3197 ||| READING 4 scrolls of identify.
  3197 | Ossuary  | 3197 ||| IDENTIFYING white potion
  3198 | Ossuary  | 3198 ||| DROPPING potion of ambrosia.
  3199 | Ossuary  | 3199 ||| DROPPING potion of enlightenment.
  3218 | D:4      | 3218 ||| PLANNING D:1-11
  3299 | D:4      | 3299 ||| DROPPING +0 mace of protection.
  3305 | D:4      | Found a hazy altar of Hepliaklqana.
  3306 | D:4      | Found an ancient bone altar of Kikubaaqudgha.
  3306 | D:4      | Found a shimmering blue altar of Sif Muna.
  3307 | D:4      | Found a glowing silver altar of Zin.
  3314 | D:4      | Reached skill level 6 in Axes
  3438 | D:4      | Reached skill level 1 in Dodging
  3438 | D:4      | Reached XP level 7. HP: 37/43 MP: 7/7
  4071 | D:4      | 4071 ||| READING scroll labelled ERAYWU ETREWK.
  4072 | D:4      | 4072 ||| READING scroll labelled VANYFI BUSAPHEM.
  4205 | D:5      | Entered Level 5 of the Dungeon
  4208 | D:5      | 4208 ||| Stepping ~*~*~tactically~*~*~ (stealth).
  4216 | D:5      | Reached skill level 7 in Axes
  4376 | D:5      | Reached XP level 8. HP: 49/49 MP: 8/8
  4448 | D:5      | Found a broken altar of Ashenzari.
  4550 | D:5      | 4550 ||| DROPPING ring of wizardry.
  4551 | D:5      | 4551 ||| READING 2 scrolls labelled TAWERR RYTH.
  4552 | D:5      | 4552 ||| READING scroll labelled UPHOIM UZYU.
  4553 | D:5      | 4553 ||| DROPPING scroll of poison.
  4754 | D:6      | Found a staircase to the Ecumenical Temple.
  4755 | D:6      | 4755 ||| PLANNING TEMPLE
  4755 | D:6      | 4755 ||| UPGRADING to +0 plate armour.
  4765 | D:6      | 4765 ||| DROPPING +0 chain mail.
  4771 | Temple   | Entered the Ecumenical Temple
  4772 | Temple   | 4772 ||| PLANNING D:1-11
  4900 | D:6      | 4900 ||| DROPPING +0 flail.
  4948 | D:6      | 4948 ||| FLEEEEING.
  4949 | D:6      | 4949 ||| FLEEEEING.
  4950 | D:6      | 4950 ||| FLEEEEING.
  4951 | D:6      | 4951 ||| FLEEEEING.
  4952 | D:6      | 4952 ||| FLEEEEING.
  4953 | D:6      | 4953 ||| FLEEEEING.
  4954 | D:6      | 4954 ||| FLEEEEING.
  4955 | D:6      | 4955 ||| STAIRDANCE
  5194 | D:6      | Found Oxzir's Jewellery Boutique.
  5208 | D:6      | Reached skill level 8 in Axes
  5211 | D:6      | 5211 ||| SHOPLISTING +4 ring of protection (504 gold, have
                  | 384).
  5211 | D:6      | 5211 ||| SHOPLISTING brooch of Shielding {Spirit SH+8} (910
                  | gold, have 384).
  5211 | D:6      | 5211 ||| SHOPLISTING ring "Hegreut" {Fly rElec Dex+4} (558
                  | gold, have 384).
  5211 | D:6      | 5211 ||| BUYING ring of positive energy (280 gold).
  5211 | D:6      | Bought a ring of positive energy for 280 gold pieces
  5211 | D:6      | 5211 ||| SHOPLISTING ring of see invisible (210 gold, have
                  | 104).
  5359 | D:6      | Noticed Maggie
  5366 | D:6      | Killed from afar by Maggie

Levels and vault maps discovered:
D:1:      dpeg_arrival_renting, layout_basic, serial_shops, nicolae_shop_crystal
D:2:      layout_loops_corners, kennysheep_generic_room_15
D:3:      layout_rooms, chequers_serial_rivers_micro_e, minmay_misc_feat_rugged,
          minmay_snake_closets, uniq_robin
D:4:      layout_layer_cave, grunt_temple_overflow_open, enter_ossuary_5,
          serial_bayou_ford_a
D:5:      layout_rooms, evilmike_ruin_ashenzari
D:6:      layout_loops_ring, minmay_temple_entry_fiery, serial_shops,
          nicolae_shop_gaudy_bauble, uniq_maggie
Temple:   hellmonk_temple_micro_hex

Skill      XL: |  1  2  3  4  5  6  7  8 |
---------------+-------------------------+-----
Axes           | 2 3 4 5 6 7 8 |  8.1
Fighting       | 4 5 |  5.0
Dodging        | 1 |  1.6
Armour         | 4 |  4.1
Shields        | |  3.2

Action                     |  1- 3 |  4- 6 |  7- 9 || total
---------------------------+-------+-------+-------++-------
  Melee: War axe           |   110 |   223 |   112 ||   445
    Use: Scroll            |     2 |    11 |     4 ||    17
         Potion            |       |     5 |       ||     5
 Armour: Scale mail        |    59 |       |       ||    59
         Chain mail        |    13 |   102 |    55 ||   170
         Plate armour      |       |       |    30 ||    30
  Dodge: Dodged            |    68 |    65 |    40 ||   173
  Block: Buckler           |    21 |    29 |    25 ||    75

Table legend:
 A = Non-vault XP
 B = Vault XP
 C = Vault XP percentage of total XP
 D = Non-vault monster count
 E = Vault monster count
 F = Vault count percentage of total count
                 A         B        C        D         E       F
            +---------+---------+-------+---------+---------+-------
      Total |    1470 |     261 |  15.1 |     113 |      42 |  27.1
            +---------+---------+-------+---------+---------+-------
        D:1 |      51 |       0 |   0.0 |      29 |       0 |   0.0
        D:2 |      78 |       5 |   6.0 |      16 |       1 |   5.9
        D:3 |      86 |     106 |  55.2 |      20 |      25 |  55.6
        D:4 |     401 |       0 |   0.0 |      28 |       0 |   0.0
        D:5 |     401 |       0 |   0.0 |      11 |       0 |   0.0
        D:6 |     453 |       0 |   0.0 |       9 |       0 |   0.0
    Ossuary |       0 |     150 | 100.0 |       0 |      16 | 100.0
            +---------+---------+-------+---------+---------+-------
